 Dungeon Crawl Stone Soup version 0.28-a0-1613-gdaab1c2f9b (webtiles) character file.

Game seed: 15716183410387900840

7 porpoise the Insei (level 1, -1/15 HPs)
             Began as a Demonspawn Transmuter on Jan 22, 2022.
             Slain by a goblin (3 damage)
             ... on level 1 of the Dungeon.
             The game lasted 00:01:54 (367 turns).

porpoise the Insei (Demonspawn Transmuter)           Turns: 367, Time: 00:01:54

Health: -1/15      AC:  2    Str: 10    XL:     1   Next: 91%
Magic:  2/3        EV: 12    Int: 20    God:
Gold:   21         SH:  0    Dex: 13    Spells: 3/4 levels left

rFire   . . .      SeeInvis .     - Unarmed
rCold   . . .      Faith    .   (no shield)
rNeg    . . .      Spirit   .   a - +0 robe
rPois   .          Reflect  .   (helmet currently unavailable)
rElec   .          Harm     .   (no cloak)
rCorr   .          Rampage  .   (no gloves)
Will    .....                   (boots currently unavailable)
Stlth   +.........              (no amulet)
HPRegen 0.05/turn               d - +6 ring of intelligence
MPRegen 0.08/turn               (no ring)

@: appendages
A: horns 2, talons 2
a: End Transformation


You were on level 1 of the Dungeon.
You had temporarily grown beastly horns and talons.
You visited 1 branch of the dungeon, and saw 1 of its levels.

You collected 21 gold pieces.

Inventory:

Missiles
 b - 14 stones
Armour
 a - a +0 robe (worn)
Jewellery
 d - a +6 ring of intelligence (left hand)
Scrolls
 c - a scroll of identify {unknown}


   Skills:
 + Level 1.5 Fighting
 - Level 1.7 Dodging
 + Level 3.0 Unarmed Combat
 - Level 2.0 Spellcasting
 - Level 1.7 Transmutations


You had 3 spell levels left.
You knew the following spells:

 Your Spells              Type           Power      Damage    Failure   Level
a - Beastly Appendage     Tmut           18%        N/A       8%          1

Your spell library contained the following spells:

 Spells                   Type           Power      Damage    Failure   Level
 Wereblood                Tmut           9%         N/A       12%         2
 Spider Form              Tmut/Pois      5%         N/A       32%         3
 Ice Form                 Ice/Tmut       5%         N/A       73%         4


Dungeon Overview and Level Annotations

Branches:
Dungeon (1/15)

Altars:

Shops:
D:1 [


Innate Abilities, Weirdness & Mutations

You have temporarily grown beastly horns and talons.


Message History

You grow a pair of large bovine horns.
Your feet morph into talons.
The goblin shouts!
A rat comes into view. x2
You closely miss the goblin. The goblin hits you with a +0 club.
You hit the goblin.
The goblin is heavily wounded.
The goblin hits you with a +0 club.
You closely miss the ball python. You headbutt the ball python.
The ball python is severely wounded.
The ball python bites you. The ball python grabs you.
The ball python constricts you. The goblin closely misses you.
The ball python bites you. The ball python constricts you.
You closely miss the ball python.
You headbutt the ball python, but do no damage.
The ball python is severely wounded.
The goblin hits you with a +0 club.
* * * LOW HITPOINT WARNING * * *
The ball python barely misses you. The ball python constricts you.
The ball python's grasp on you weakens, but your attempt to escape fails.
The ball python closely misses you. The ball python constricts you.
The goblin hits you with a +0 club.
* * * LOW HITPOINT WARNING * * *
You escape the ball python's grasp.
You aren't carrying any potions.
Unknown command.
You aren't carrying any potions.
Unknown command.
Unknown command.
You hit the ball python.
You kill the ball python!
The goblin closely misses you.
Your Unarmed Combat skill increases to level 3!
Your transformation is almost over.
The rat twitches its whiskers.
Your horns disappear.
Your talons disappear.
Casting: Beastly Appendage (safe; 8% risk of failure)
Confirm with . or Enter, or press ? or * to list all spells.
You grow a pair of large bovine horns.
Your feet morph into talons.
The goblin hits you with a +0 club.
You die...

. . ...# ###### .... #>#######
#....# #.... #.......###.##.#
#.....##...)...##.....####
............r.....>#....#
####..##..†.....#...#.########
#....$......#+#.#...#........#
#.......#####.#r...........###
........# #@#.r.∩........##.
........# #g#....#.#.....##.
........# ###r#....#...#...##.
r.......# #...r......#.....##.
........# #.....##)##.........
......... #.#..........#...#.#
..##........###.#...#..
......#.#..###.#.....#
#...........##.#......


You could see a goblin and 2 rats.

Vanquished Creatures
  2 ball pythons (D:1)
  A hobgoblin (D:1)
  A frilled lizard (D:1)
  2 kobolds (D:1)
  A rat (D:1)
7 creatures vanquished.

Notes
Turn   | Place    | Note
-------+----------+-------------------------------------------
     0 | D:1      | porpoise the Demonspawn Transmuter began the quest for the
                  | Orb.
     0 | D:1      | Reached XP level 1. HP: 15/15 MP: 3/3
   148 | D:1      | Found Himan's Antique Armour Shoppe.
   355 | D:1      | Reached skill level 3 in Unarmed Combat
   367 | D:1      | Slain by a goblin

Illustrated notes

Levels and vault maps discovered:
D:1:      dpeg_arrival_ternary, layout_basic, serial_shops, shop

Skill      XL: |  1 |
---------------+----+-----
Unarmed Combat | 3 |  3.0
Fighting       | |  1.5
Dodging        | |  1.7
Spellcasting   | |  2.0
Transmutations | |  1.7

Action                   || total
-------------------------++-------
Melee: Unarmed           ||    17
       Headbutt          ||     4
       Kick              ||     1
 Cast: Beastly Appendage ||     6
Armor: Robe              ||     2
Dodge: Dodged            ||    11

Table legend: (Time is in decaauts)
 A = Elapsed time spent in this place.
 B = Non-inter-level travel time spent in this place.
 C = Inter-level travel time spent in this place.
 D = Time resting spent in this place.
 E = Time spent auto-exploring this place.
 F = Levels seen in this place.
 G = Mean time per level.
                   A        B        C        D        E       F      G
               +--------+--------+--------+--------+--------+-----+--------+
         Total |    365 |    365 |      0 |     98 |    135 |   1 |  365.0 |
       Dungeon |    365 |    365 |      0 |     98 |    135 |   1 |  365.0 |
               +--------+--------+--------+--------+--------+-----+--------+

Top non-repeatable levels by time:
     D:1: 365 daAuts
